 Dungeon Crawl Stone Soup version 0.27-a0-67-g4bfc8a49e1 (webtiles) character file.

Game seed: 15227574790437005310

140 Borgoz the Ruffian (level 5, -4/45 HPs)
             Began as a Ghoul Gladiator on Jan 9, 2021.
             Killed by divine providence
             ... invoked by an orc priest
              (15 damage)
             ... on level 3 of the Dungeon.
             The game lasted 00:01:23 (1448 turns).

Borgoz the Ruffian (Ghoul Gladiator)                Turns: 1448, Time: 00:01:23

Health: -4/45      AC:  4    Str: 18    XL:     5   Next: 23%
Magic:  4/4        EV: 13    Int:  3    God:
Gold:   49         SH:  0    Dex: 11    Spells: 4/4 levels left

rFire    . . .     SeeInvis .     - Unarmed
rCold    + . .     Faith    .   (no shield)
rNeg     + + +     Spirit   .   a - +0 leather armour
rPois    ∞         Reflect  .   b - +0 helmet
rElec    .         Harm     .   (no cloak)
rCorr    .         Rampage  .   (no gloves)
Will     .....                  (no boots)
Stlth    +.........             (no amulet)
HPRegen  0.00/turn              (no ring)
MPRegen  0.09/turn              (no ring)

@: no status effects
A: claws 1, cold resistance 1, negative energy resistance 3, inhibited
regeneration, torment resistance, unbreathing
a: no special abilities


You were on level 3 of the Dungeon.
You visited 1 branch of the dungeon, and saw 3 of its levels.

You collected 49 gold pieces.

Inventory:

Missiles
 c - a throwing net (quivered)
Armour
 a - a +0 leather armour (worn)
 b - a +0 helmet (worn)
Scrolls
 f - a scroll of remove curse {unknown}
 g - 2 scrolls of enchant weapon {unknown}
 h - a scroll of amnesia {unknown}
 i - a scroll of enchant armour {unknown}
 j - a scroll of magic mapping {unknown}
 k - a scroll of immolation {unknown}
Potions
 d - 2 potions of mutation {unknown}
 l - a potion of heal wounds {unknown}


   Skills:
 + Level 3.0 Fighting
 - Level 1.7 Throwing
 * Level 2.2 Armour
 * Level 3.6 Dodging
 + Level 4.0 Unarmed Combat


You had 4 spell levels left.
You didn't know any spells.
Your spell library was empty.

Dungeon Overview and Level Annotations

Branches:
Dungeon (3/15)

Altars:
Ashenzari
Wu Jian


Innate Abilities, Weirdness & Mutations

You thrive by killing the living.
You are immune to poison.
You have sharp fingernails.
Your flesh is cold resistant. (rC+)
You are immune to negative energy. (rN+++)
You do not regenerate when monsters are visible.
You are immune to unholy pain and torment.
You can survive without breathing.


Message History

* * * LOW HITPOINT WARNING * * *
Throw: 3 throwing nets
Press: ? - help, Q - select action Shift-Dir - straight line, f - orc priest
Aim: an orc priest (lightly wounded)
You throw a throwing net.
The throwing net barely misses the orc priest.
The orc priest barely misses you.
Throw: 2 throwing nets
Press: ? - help, Q - select action Shift-Dir - straight line, f/p - orc priest
Aim: an orc priest (lightly wounded)
You throw a throwing net. The throwing net hits the orc priest.
The orc priest is caught in the net!
The orc priest is lightly wounded.
The orc priest struggles against the net.
You catch the helpless orc priest completely off-guard!
You scratch the orc priest.
The orc priest is lightly wounded.
The orc priest mumbles some strange prayers to Beogh against you.
Beogh smites you!
You die...

.####.....<#
.....>....##
.......†..####
#####...††...#
#........#
#........#
#........#
###†.......#
#o@........#
#.#........#
#.##)##########
#..!........
###)........
#.........
#.........
#.........
#.........


You could see an orc priest (caught).

Vanquished Creatures
  An ice beast (D:3)
  An adder (D:3)
  A worm (D:3)
  2 dart slugs (D:1)
  3 leopard geckos
  2 orcs (D:3)
  A giant cockroach (D:2)
  5 goblins
  2 hobgoblins (D:2)
  A ball python (D:1)
  4 bats
  A frilled lizard (D:1)
  2 kobolds
  7 rats
33 creatures vanquished.

Notes
Turn   | Place    | Note
-------+----------+-------------------------------------------
     0 | D:1      | Borgoz the Ghoul Gladiator began the quest for the Orb.
     0 | D:1      | Reached XP level 1. HP: 17/17 MP: 0/0
   154 | D:1      | Reached XP level 2. HP: 24/24 MP: 1/1
   529 | D:2      | Reached skill level 1 in Armour
   829 | D:2      | Reached XP level 3. HP: 30/30 MP: 2/2
   884 | D:2      | Found a broken altar of Ashenzari.
   885 | D:2      | Found an ornate altar of the Wu Jian Council.
  1401 | D:3      | Noticed an ice beast
  1422 | D:3      | Killed an ice beast
  1423 | D:3      | Reached skill level 4 in Unarmed Combat
  1423 | D:3      | Reached XP level 4. HP: 24/38 MP: 3/3
  1423 | D:3      | Reached XP level 5. HP: 29/45 MP: 4/4
  1448 | D:3      | Killed from afar by an orc priest

Illustrated notes

Levels and vault maps discovered:
D:1:      evilmike_arrival_crescent, layout_basic
D:2:      layout_basic, kennysheep_okawaru_gauntlet,
          gammafunk_temple_overflow_statue
D:3:      layout_basic, marbit_many_paths, uniq_robin

Skill      XL: |  1  2  3 |
---------------+----------+-----
Armour         | 1 2 |  2.2
Dodging        | 3 |  3.6
Fighting       | 3 |  3.0
Unarmed Combat | 4 |  4.0
Throwing       | |  1.7

Action                   |  1- 3 |  4- 6 || total
-------------------------+-------+-------++-------
Melee: Unarmed           |   107 |    19 ||   126
       Punch             |     1 |       ||     1
Throw: Throwing net      |       |     2 ||     2
  Use: Potion            |     1 |     2 ||     3
 Stab: Held in net/web   |       |     1 ||     1
Armor: Leather armour    |    53 |       ||    53
Dodge: Dodged            |    93 |     5 ||    98

Table legend: (Time is in decaauts)
 A = Elapsed time spent in this place.
 B = Non-inter-level travel time spent in this place.
 C = Inter-level travel time spent in this place.
 D = Time resting spent in this place.
 E = Time spent auto-exploring this place.
 F = Levels seen in this place.
 G = Mean time per level.
                   A        B        C        D        E       F      G
               +--------+--------+--------+--------+--------+-----+--------+
         Total |   1439 |   1415 |     24 |     25 |   1166 |   3 |  479.7 |
       Dungeon |   1439 |   1415 |     24 |     25 |   1166 |   3 |  479.7 |
               +--------+--------+--------+--------+--------+-----+--------+

Top non-repeatable levels by time:
     D:2: 856 daAuts
     D:1: 504 daAuts
     D:3: 78 daAuts
